 Dungeon Crawl Stone Soup version 0.31.0-11-ge490571c62 (webtiles) character file.

Game seed: 1568962652128868702

104 Rassilon the Insei (level 4, 0/36 HPs)
             Began as a Demonspawn Monk on Jan 31, 2024.
             Constricted to death by an orc (2 damage)
             ... on level 3 of the Dungeon.
             The game lasted 00:08:21 (1646 turns).

Rassilon the Insei (Demonspawn Monk)                Turns: 1646, Time: 00:08:22

Health: 0/36       AC:  2    Str: 13    XL:     4   Next: 52%
Magic:  4/4        EV: 10    Int: 10    God:
Gold:   118        SH:  0    Dex: 18    Spells: 3/3 levels left

rFire   + .          .
                       - Unarmed
rCold   + . .        (no shield)
rNeg    . . .        a - +0 robe
rPois   +            (no helmet)
rElec   +            (no cloak)
rCorr   +            (no gloves)
SInv    .            (no boots)
Will    .....        (no amulet)
Stlth   +++          (no ring)
HPRegen 0.26/turn    (no ring)
MPRegen 0.09/turn

%: no passive effects
@: mighty, resistant, grasped by roots, constricted
A: thin skeletal structure 1
a: no special abilities


You were on level 3 of the Dungeon.
You visited 1 branch of the dungeon, and saw 3 of its levels.

You collected 118 gold pieces.

Inventory:

Armour
 a - a +0 robe (worn)
Talismans
 d - a beast talisman
Scrolls
 c - a scroll of teleportation {unknown}
 e - a scroll of torment {unknown}
 j - a scroll of enchant armour {unknown}
 k - a scroll of immolation {unknown}
 l - a scroll of amnesia {unknown}
Potions
 b - a potion of ambrosia
 f - a potion of resistance
 g - a potion of curing
 h - 2 potions of might
 i - a potion of cancellation


   Skills:
 + Level 3.6 Fighting
 + Level 3.2 Dodging
 * Level 3.8 Unarmed Combat
 + Level 1.0 Shapeshifting


You had 3 spell levels left.
You didn't know any spells.
Your spell library contained the following spells:

 Spells                   Type           Power      Damage    Failure   Level
 Blink                    Tloc           0%         N/A       50%         2
 Lesser Beckoning         Tloc           0%         N/A       50%         2
 Momentum Strike          Conj/Tloc      0%         3d8       50%         2
 Volatile Blastmotes      Fire/Tloc      0%         2d10      75%         3
 Fulminant Prism          Conj/Alch      0%         3d5       98%         4
 Iskenderun's Mystic Bla  Conj/Tloc      0%         2d3       98%         4


Dungeon Overview and Level Annotations

Branches:
Dungeon (3/15)

Altars:

Annotations:
D:3 2 runed translucent doors


Innate Abilities, Weirdness & Mutations

You have a somewhat thin skeletal structure. (Dex +2, Stealth+)


Message History

The orc throws a boomerang.
The boomerang misses you.
Found a runed translucent gate.
The orc shouts!
You hear a shout! x2
The orc throws a boomerang.
The boomerang hits you.
A hound zombie comes into view.
A ball python zombie comes into view.
The orc closely misses you.
The orc zaps a wand.
The roots erupt in riotous growth!
The grasping roots grab you!
The orc is unaffected. x2; The grasping roots constrict you.
A gnoll comes into view. It is wielding a +0 spear.
You hear a shout!
Sorry, you're not good enough to have a special ability.
It was a potion of resistance.
You feel protected. The orc hits you with a +0 flail.
The orc completely misses you. The grasping roots constrict you.
A gnoll comes into view. It is wielding a +0 whip.
It was a potion of curing.
You feel better. The orc hits you with a +0 flail.
The orc hits you with a +0 hand axe. The grasping roots constrict you.
The grasping roots release their grip on you.
It was a potion of might.
You feel very mighty all of a sudden. The orc misses you.
The orc hits you with a +1 falchion of flaming!
The orc burns you. The orc hits you with a +0 hand axe.
A gnoll comes into view. It is wielding a +0 whip.
Okay, then.
You barely miss the orc. You punch the orc.
You kill the orc!
The orc barely misses you. x2
You hit the orc.
The orc is heavily wounded.
The orc hits you with a +1 falchion of flaming!
* * * LOW HITPOINT WARNING * * *
The orc burns you.
* * * LOW HITPOINT WARNING * * *
The orc zaps a wand.
The roots erupt in riotous growth!
The grasping roots grab you!
The orc is unaffected. x2; The grasping roots constrict you.
You die...

.g+ Z+ #### #...#
## #..###...### .
#... ...... #. #..#
#...# #####'##..#
#...#
......)...###...#
......o@.......)#
####..o.........###
#######........####
#....###....#
#....# ####.#
......# #.##
.......... #..#
....#####.# ##.#
.... .# #.#


You could see a gnoll, 2 orcs and a ball python zombie.

Vanquished Creatures
  A gnoll (D:1)
  3 adders (D:2)
  An orc (D:3)
  7 bats
  6 endoplasms
  2 giant cockroaches (D:1)
  9 goblins
  9 hobgoblins
  4 jackals (D:3)
  2 kobolds
  2 quokkas (D:1)
  9 ball pythons
  A frilled lizard (D:1)
  2 rats
58 creatures vanquished.

Notes
Turn   | Place    | Note
-------+----------+-------------------------------------------
     0 | D:1      | Rassilon the Demonspawn Monk began the quest for the Orb.
     0 | D:1      | Reached XP level 1. HP: 18/18 MP: 1/1
    24 | D:1      | Gained mutation: You have a somewhat thin skeletal
                  | structure. (Dex +2, Stealth+) [demonic ancestry]
    24 | D:1      | Reached XP level 2. HP: 8/24 MP: 2/2
   391 | D:1      | Reached XP level 3. HP: 27/29 MP: 3/3
   512 | D:1      | Found a faded altar of an unknown god.
  1078 | D:2      | Reached XP level 4. HP: 32/35 MP: 4/4
  1202 | D:2      | Reached skill level 1 in Shapeshifting
  1282 | D:2      | You fall into a shaft and drop 1 floor!
  1640 | D:3      | Found a runed translucent gate.
  1641 | D:3      | Found a runed translucent gate.
  1646 | D:3      | Constricted to death by an orc

Illustrated notes

Levels and vault maps discovered:
D:1:      dpeg_arrival_boxorama, layout_basic, ebering_ecumenical_altar_webs
D:2:      kennysheep_the_goblin_king, layout_rooms, minmay_goblin_outpost
D:3:      layout_basic, nicolae_yredelemnul_ghost_church

Skill      XL: |  1  2  3  4 |
---------------+-------------+-----
Unarmed Combat | 3 |  3.8
Dodging        | 3 |  3.2
Shapeshifting  | 1 |  1.0
Fighting       | |  3.6

Action                     |  1- 3 |  4- 6 || total
---------------------------+-------+-------++-------
  Melee: Unarmed           |   136 |    59 ||   195
         Punch             |     1 |     3 ||     4
    Use: Potion            |       |     3 ||     3
         Scroll            |       |     2 ||     2
   Stab: Sleeping          |     2 |     2 ||     4
 Armour: Robe              |    60 |    40 ||   100
  Dodge: Dodged            |   102 |    55 ||   157
